 Seeded DCSS version 0.29.1-15-g9cfb28693d (webtiles) character file.

Game seed: 5852750519012672489 (custom seed)

44 Twinkles the Sneak (level 3, 0/18 HPs)
             Began as a Vine Stalker Brigand on June 6, 2023.
             Was a Follower of Cheibriados.
             Succumbed to an adder's poison
             ... on level 2 of the Dungeon.
             The game lasted 00:02:14 (1821 turns).

Twinkles the Sneak (Vine Stalker Brigand)           Turns: 1821, Time: 00:02:15

Health: 0/18       AC:  7    Str: 18    XL:     3   Next: 62%
Magic:  0/4        EV: 10    Int: 14    God:    Cheibriados [*.....]
Gold:   50         SH:  0    Dex: 18    Spells: 2/2 levels left

rFire   . . .      SeeInvis .   a - +2 dagger
rCold   . . .      Faith    .   (no shield)
rNeg    . . .      Spirit   +   h - +0 scale mail
rPois   .          Reflect  .   (no helmet)
rElec   .          Harm     .   c - +0 cloak
rCorr   .          Rampage  .   (no gloves)
Will    .....                   (no boots)
Stlth   ++........              (no amulet)
HPRegen 0.06/turn               (no ring)
MPRegen 0.09/turn               (no ring)

@: lethally poisoned (0 -> -8), very slow
A: fangs 2, magic shield, antimagic bite, no potion heal 2
a: Renounce Religion, Bend Time


You were on level 2 of the Dungeon.
You worshipped Cheibriados.
Cheibriados was aware of your devotion.
You visited 1 branch of the dungeon, and saw 2 of its levels.

You collected 50 gold pieces.

Inventory:

Hand Weapons
 a - a +2 dagger (weapon)
Missiles
 d - 9 poisoned darts (quivered)
 e - 3 curare-tipped darts
Armour
 b - a +0 robe
 c - a +0 cloak (worn)
 f - a +0 leather armour
 h - a +0 scale mail (worn)
Scrolls
 g - a scroll of poison {unknown}
 i - a scroll of vulnerability {unknown}
 j - a scroll of noise {unknown}
 k - 2 scrolls of identify {unknown}
 l - a scroll of magic mapping {unknown}
 n - a scroll of fog {unknown}
Potions
 m - a potion of brilliance {unknown}
 o - a potion of curing {unknown}


   Skills:
 + Level 2.2 Fighting
 + Level 2.2 Short Blades
 - Level 2.1 Throwing
 + Level 0.2 Armour
 - Level 1.2 Dodging
 - Level 5.1 Stealth
 + Level 0.1 Invocations


You had 2 spell levels left.
You didn't know any spells.
Your spell library was empty.

Dungeon Overview and Level Annotations

Branches:
Dungeon (2/15)

Altars:
Cheibriados


Innate Abilities, Weirdness & Mutations

You have extremely sharp teeth.
When hurt, damage is shared between your health and your magic reserves.
Your bite disrupts and absorbs the magic of your enemies.
Potions cannot restore your health.


Message History

The endoplasm freezes you.
You are frozen.
You barely miss the adder. Your bite misses the adder.
The adder is almost dead.
You feel sick. The adder bites you.
You are lethally poisoned!
The adder poisons you! The endoplasm freezes you.
You are frozen.
You hit the adder but do no damage.
The adder is severely wounded.
You feel sick. The adder closely misses you. The endoplasm freezes you.
You are frozen.
The adder bites you but does no damage.
You are too injured to fight recklessly!
You are too injured to fight recklessly!
You are too injured to fight recklessly!
You are too injured to fight recklessly!
You are too injured to fight recklessly!
You are too injured to fight recklessly!
You miss the adder.
The adder is severely wounded.
* * * LOW HITPOINT WARNING * * *
You feel sick. The adder bites you but does no damage.
You barely miss the adder.
The adder is severely wounded.
* * * LOW HITPOINT WARNING * * *
You feel sick. The endoplasm freezes you.
You are frozen.
* * * LOW HITPOINT WARNING * * *
The adder bites you but does no damage.
Okay, then.
Unknown command.
Okay, then.
Unknown command.
You hit the adder.
You kill the adder!
Cheibriados thoroughly appreciates the change of pace.
You die...

++# ♣♣..♣ ♣
... (.♣
###♣)♣..♣.♣
##.'@$......
#..'J.......
#.##♣.♣..♣.♣
#.# ......♣
#.# ♣♣..♣♣♣
## #.# ++#
.. #.#####..
# #........
## #.######.
..


You could see an endoplasm.

Vanquished Creatures
  An adder (D:2)
  A worm (D:2)
  A dart slug (D:1)
  4 ball pythons
  2 bats
  7 endoplasms
  2 giant cockroaches
  4 goblins
  2 hobgoblins
  3 kobolds
  A quokka (D:2)
  2 frilled lizards (D:2)
  4 rats
34 creatures vanquished.

Notes
Turn   | Place    | Note
-------+----------+-------------------------------------------
     0 | D:1      | Twinkles the Vine Stalker Brigand began the quest for the
                  | Orb.
     0 | D:1      | Reached XP level 1. HP: 11/11 MP: 2/2
   449 | D:1      | Reached skill level 1 in Dodging
   449 | D:1      | Reached XP level 2. HP: 15/15 MP: 3/3
   458 | D:1      | Reached skill level 5 in Stealth
  1305 | D:2      | Reached XP level 3. HP: 15/18 MP: 4/4
  1482 | D:2      | Found a faded altar of an unknown god.
  1505 | D:2      | Prayed at the altar of an unknown god.
  1505 | D:2      | Became a worshipper of Cheibriados the Contemplative
  1505 | D:2      | Reached * piety under Cheibriados
  1821 | D:2      | Succumbed to an adder's poison

Illustrated notes

Levels and vault maps discovered:
D:1:      dpeg_arrival_rooms_a, layout_basic, serial_forest,
          infiniplex_forest_end_double, infiniplex_forest_end_2,
          infiniplex_forest_lined_2, infiniplex_forest_straight_4,
          infiniplex_forest_lined_room_2, infiniplex_forest_clump_small,
          infiniplex_forest_straight_5, infiniplex_forest_straight_5
D:2:      layout_loops_ring, chequers_ecumenical_altar_island,
          kennysheep_generic_room_6

Skill      XL: |  1  2 |
---------------+-------+-----
Dodging        | 1 |  1.2
Stealth        | 5 |  5.1
Throwing       | 2 |  2.1
Fighting       | 2 |  2.2
Short Blades   | 2 |  2.2
Armour         | |  0.2
Invocations    | |  0.1

Action                   || total
-------------------------++-------
Melee: Dagger            ||    81
       Bite              ||    19
       Punch             ||     1
 Stab: Sleeping          ||     8
Armor: Scale mail        ||    26
       Leather armour    ||     1
Dodge: Dodged            ||    25
